 Dungeon Crawl Stone Soup version 0.19-a0-722-g27ac516 (webtiles) character file.

270 SirSavien the Sneak (level 6, -3/44 HPs)
             Began as an Octopode Monk on June 21, 2016.
             Was a Priest of Ru.
             Slain by Menkaure (10 damage)
             ... on level 4 of the Dungeon.
             The game lasted 00:07:00 (2993 turns).

SirSavien the Sneak (Octopode Monk)                 Turns: 2993, Time: 00:07:00

Health: -3/44      AC:  1    Str: 11    XL:     6   Next: 22%
Magic:  6/6        EV: 14    Int: 12    God:    Ru [***...]
Gold:   185        SH:  0    Dex: 16    Spells: 0 memorised, 5 levels left

rFire  . . .     SeeInvis .       - Unarmed
rCold  . . .     Gourm    .     (helmet restricted)
rNeg   . . .     Faith    .     (no amulet)
rPois  .         Spirit   .     (no ring)
rElec  .         Dismiss  .     (no ring)
rCorr  .         Reflect  .     (no ring)
SustAt .         Harm     .     (no ring)
MR     .....                    (no ring)
Stlth  ++........               (no ring)
                                (no ring)

@: confused, lethally poisoned (-3 -> -9), exhausted, drained, not resistant to
hostile enchantments, unstealthy
A: almost no armour, amphibious, 7 rings, constrict 7, camouflage 1, gelatinous
body 1, missing a hand
a: Draw Out Power, Renounce Religion


You were on level 4 of the Dungeon.
You worshipped Ru.
Ru was most pleased with you.
You were not hungry.

You visited 1 branch of the dungeon, and saw 4 of its levels.

You collected 185 gold pieces.

Inventory:

Wands
 g - a wand of flame (27/48)
Scrolls
 f - a scroll of remove curse
 j - 2 scrolls of enchant armour
Potions
 b - a potion of haste {unknown}
 c - a potion of ambrosia
 d - 2 potions of berserk rage {unknown}
 e - a potion of might {unknown}
 i - a potion of lignification {unknown}
 o - a potion of heal wounds {unknown}
Comestibles
 a - 2 bread rations
 h - 2 meat rations


   Skills:
 + Level 4.4(4.2) Fighting
 + Level 4.0(3.8) Dodging
 + Level 5.0(4.8) Stealth
 + Level 4.2(4.0) Unarmed Combat


You had 5 spell levels left.
You didn't know any spells.

Dungeon Overview and Level Annotations

Branches:
Dungeon (4/15)             Temple (0/1) D:4

Altars:
Ashenzari
Ru

Annotations:
D:4 Menkaure


Innate Abilities, Weirdness & Mutations

You cannot wear most types of armour.
You are amphibious.
You can wear up to seven rings at the same time.
You can use your tentacles to constrict seven enemies at once.
Your skin changes colour to match your surroundings (Stealth+).
Your rubbery body absorbs attacks. (AC +1)
You are missing a hand.


Message History

You have reached level 6!
Your experience leads to an increase in your attributes!
Increase (S)trength, (I)ntelligence, or (D)exterity?
You feel agile.
You feel sick.
The worker ant is stunned by your will and fails to attack.
Menkaure hits you!!
* * * LOW HITPOINT WARNING * * *
You tentacle-slap Menkaure. You grab Menkaure.
Menkaure is lightly damaged.
You constrict Menkaure, but do no damage.
* * * LOW HITPOINT WARNING * * *
You feel sick. The worker ant closely misses you.
The worker ant completely misses you.
It was a potion of ambrosia.
You are confused.
You feel invigorated.
You constrict Menkaure, but do no damage.
Menkaure hits you!
You die...

,,,,***********,,,,,*,**,** *,,,*
***,* *,......a,,,,,* *,,,*
***+***** *,#.....#,***** *,,,*
,,,,,,,,* *,#.....#.#######...*
,,,,,,,,* *,#.....#.##........#
,,,,,,,,* *,#.....#$##.........
,,,,,,,,* ***,#.....#.##.Z.....##
***+***** *,,,#..M..#.##.$.......
*,* *,**#†@a..#.##........,
*,*******,**#...%.#.##.....####
***,*,,,,,,,,,#..............'...
,,,,*,*****,*,#....##.##.....####
,,,,,,* *,*,#######.##.....#
*****,* *,*,* #.##.....# ≈≈∩≈*,*
*,*,* ***#.##..a..#
*++**,*****,*,* *,,...>....##
*≈≈*,,,,,,,,*,* *,,......o.#


You could see Menkaure and 2 worker ants.

Vanquished Creatures
  A scorpion (D:4)
  2 orc priests (D:4)
  2 orc wizards
  4 adders
  2 giant geckos
  6 orcs
  A ball python (D:2)
  5 giant cockroaches
  9 hobgoblins
  5 jackals
  3 kobolds
  5 bats
  5 giant newts
  11 goblins
  7 rats
68 creatures vanquished.

Notes
Turn   | Place    | Note
--------------------------------------------------------------
     0 | D:1      | SirSavien the Octopode Monk began the quest for the Orb.
     0 | D:1      | Reached XP level 1. HP: 16/16 MP: 1/1
   471 | D:1      | Reached skill level 3 in Stealth
   471 | D:1      | Reached XP level 2. HP: 21/21 MP: 2/2
   824 | D:2      | Reached XP level 3. HP: 26/26 MP: 3/3
   961 | D:2      | Found a sacrificial altar of Ru.
  1066 | D:2      | Became a worshipper of Ru the Awakened
  1071 | D:2      | Gained mutation: You are missing a hand. [Ru sacrifice]
  1071 | D:2      | Reached * piety under Ru
  1071 | D:2      | Reached ** piety under Ru
  1071 | D:2      | Reached *** piety under Ru
  1301 | D:2      | Reached XP level 4. HP: 26/31 MP: 4/4
  1486 | D:2      | Reached skill level 4 in Stealth
  1969 | D:3      | Reached XP level 5. HP: 7/37 MP: 5/5
  2962 | D:4      | Found a shattered altar of Ashenzari.
  2972 | D:4      | Noticed Menkaure
  2991 | D:4      | Reached skill level 5 in Stealth
  2991 | D:4      | Reached XP level 6. HP: 27/44 MP: 6/6
  2993 | D:4      | Slain by Menkaure

Vault maps used:
D:1:      dpeg_chamrin_arrival_tetris, minmay_strange_pillars
D:2:      nicolae_ru_great_annihilating_truth
D:3:      grunt_ministairs_1
D:4:      overflow_temple_1_default, dancing_weapons_uskayaw,
          gup_sewer_entry_bowl, minmay_misc_feat_iff, fedhas_altar_2,
          uniq_menkaure

Skill      XL: |  1  2  3  4  5 |
---------------+----------------+-----
Stealth        | 3 4 5 |  5.0
Fighting       | 4 |  4.4
Unarmed Combat | 4 |  4.2
Dodging        | 4 |  4.0

Action                   |  1- 3 |  4- 6 || total
-------------------------+-------+-------++-------
Melee: Unarmed           |    67 |    78 ||   145
       Constrict         |    18 |    22 ||    40
       Tentacles         |    13 |    18 ||    31
       Punch             |     2 |     2 ||     4
Invok: Sacrifice a Hand  |     1 |       ||     1
       Draw Out Power    |       |     1 ||     1
  Use: Scroll            |       |     8 ||     8
       Potion            |       |     1 ||     1
 Stab: Sleeping          |     9 |     8 ||    17
       Paralysed         |     1 |       ||     1
  Eat: Chunk             |     1 |     5 ||     6
Armor: Skin              |     3 |     4 ||     7
Dodge: Dodged            |    38 |    39 ||    77
